 Dungeon Crawl Stone Soup version 0.28-a0-1038-g9c4cb8273d (webtiles) character file.

Game seed: 17280767254361898556

53874 Turgor the Stormcaller (level 14, -1/67 HPs)
             Began as a Felid Air Elementalist on Dec 7, 2021.
             Was the Champion of Elyvilon.
             Slain by a +0 scimitar of electrocution (27 damage)
             ... on level 1 of the Elven Halls on Dec 8, 2021.
             The game lasted 06:43:23 (45941 turns).

Turgor the Stormcaller (Felid Air Elementalist)    Turns: 45941, Time: 06:43:25

Health: -1/67      AC:  3    Str:  9    XL:     14   Next: 32%
Magic:  13/40      EV: 22    Int: 20    God:    Elyvilon [******]
Gold:   1345       SH:  0    Dex: 19    Spells: 7/37 levels left
                                        Lives:  0   Deaths: 3

rFire   + . .      SeeInvis +   (weapon unavailable)
rCold   + . .      Faith    .   (shield unavailable)
rNeg    . . .      Spirit   .   (armour unavailable)
rPois   +          Reflect  .   (helmet unavailable)
rElec   +          Harm     .   (cloak unavailable)
rCorr   .          Rampage  .   (gloves unavailable)
Will    ++...                   (boots unavailable)
Stlth   ++........              N - amulet "Gaitos" {rElec rPois Regen+ Str+3}
HPRegen 1.01/turn               y - ring of magical power
MPRegen 0.27/turn               m - ring of protection from fire

@: quick
A: very small, claws 1, fangs 3, see invisible, speed 1, shaggy fur 3, stealthy
paws, no weapons or thrown items, no armour, multi-lived
a: Renounce Religion, Purification, Heal Other, Heal Self, Divine Vigour


You were on level 1 of the Elven Halls.
You worshipped Elyvilon.
Elyvilon was exalted by your worship.
You visited 8 branches of the dungeon, and saw 28 of its levels.
You also visited: Ossuary and Bailey.

You collected 2643 gold pieces.
You spent 1298 gold pieces at shops.

Inventory:

Jewellery
 m - a ring of protection from fire (right paw)
 u - a +6 ring of dexterity
 y - a ring of magical power (left paw)
 A - a ring of resist corrosion
 K - a +6 ring of strength
 M - a ring of poison resistance
 N - the amulet "Gaitos" (around neck) {rElec rPois Regen+ Str+3}
   (You found it on level 2 of the Lair of Beasts)

   [amulet of regeneration]

   Str:       It affects your strength (+3).
   rElec:     It insulates you from electricity.
   rPois:     It protects you from poison.
   Regen:     It increases your rate of health regeneration.
Wands
 i - a wand of flame (53)
 B - a wand of iceblast (4)
 C - a wand of digging (3)
 E - a wand of charming (12)
 G - a wand of acid (3)
Scrolls
 a - 9 scrolls of teleportation
 c - 8 scrolls of noise
 d - 2 scrolls of fear
 e - 2 scrolls of torment
 k - 5 scrolls of vulnerability
 n - 3 scrolls of amnesia
 p - 5 scrolls of immolation
 t - 4 scrolls of magic mapping
 v - 4 scrolls of blinking
 z - a scroll of silence
 H - 5 scrolls of fog
 Q - 4 scrolls of identify
Potions
 b - 4 potions of flight
 f - 4 potions of might
 g - 5 potions of heal wounds
 h - 10 potions of curing
 j - 4 potions of brilliance
 l - 2 potions of resistance
 o - 5 potions of mutation
 q - 6 potions of haste
 r - 5 potions of attraction
 w - 2 potions of invisibility
 x - 4 potions of lignification
 D - 3 potions of magic
 F - a potion of berserk rage
 P - a potion of ambrosia
Miscellaneous
 s - a box of beasts
 I - a phial of floods
 J - a phantom mirror
 L - a lightning rod (4/4)
 O - a piece from Xom's chessboard (15/15)


   Skills:
 - Level 11.1 Fighting
 - Level 7.1 Dodging
 - Level 2.6 Stealth
 - Level 12.0 Spellcasting
 - Level 6.0 Conjurations
 - Level 6.0 Summonings
 - Level 2.5 Translocations
 * Level 10.7 Transmutations
 - Level 0.8 Ice Magic
 + Level 16.8 Air Magic
 - Level 4.6 Invocations
 - Level 6.7 Evocations


You had 7 spell levels left.
You knew the following spells:

 Your Spells              Type           Power      Damage    Failure   Level
a - Shock                 Conj/Air       100%       1d9       1%          1
b - Swiftness             Air            68%        N/A       0%          3
c - Airstrike             Air            34%        N/A       1%          4
d - Mephitic Cloud        Conj/Pois/Air  42%        N/A       1%          3
e - Summon Lightning Spi  Summ/Air       55%        N/A       1%          4
f - Wereblood             Tmut           53%        N/A       1%          2
g - Storm Form            Tmut/Air       30%        N/A       17%         7
h - Apportation           Tloc           44%        N/A       1%          1
i - Freezing Cloud        Conj/Ice/Air   21%        6-21      6%          5

Your spell library contained the following spells:

 Spells                   Type           Power      Damage    Failure   Level
 Beastly Appendage        Tmut           100%       N/A       1%          1
 Foxfire                  Conj/Fire      96%        2x1d8     1%          1
 Summon Small Mammal      Summ           100%       N/A       1%          1
 Corpse Rot               Necr/Air       90%        N/A       1%          2
 Poisonous Vapours        Pois/Air       90%        N/A       1%          2
 Static Discharge         Conj/Air       55%        N/A       1%          2
 Call Canine Familiar     Summ           36%        N/A       1%          3
 Spider Form              Tmut/Pois      33%        N/A       1%          3
 Lightning Bolt           Conj/Air       27%        1d44      1%          5
 Conjure Flame            Conj/Fire      24%        6-21      4%          3
 Ignite Poison            Fire/Tmut/Pois 26%        N/A       4%          3
 Stone Arrow              Conj/Erth      48%        3d10      4%          3
 Summon Guardian Golem    Hex/Summ       24%        N/A       4%          3
 Animate Skeleton         Necr           24%        N/A       5%          1
 Pain                     Necr           48%        1d6       5%          1
 Gell's Gravitas          Tloc           22%        N/A       6%          3
 Lesser Beckoning         Tloc           22%        N/A       6%          3
 Teleport Other           Tloc           22%        N/A       6%          3
 Conjure Ball Lightning   Conj/Air       27%        3x3d8     8%          6
 Iskenderun's Battlesphe  Conj           36%        2d9       13%         5
 Fulminant Prism          Conj/Hex       12%        3d9       16%         4
 Sticky Flame             Conj/Fire      24%        2d5       16%         4
 Inner Flame              Hex/Fire       12%        N/A       17%         3
 Vampiric Draining        Necr           12%        2d6       17%         3
 Alistair's Intoxication  Tmut/Pois      22%        N/A       17%         5
 Fireball                 Conj/Fire      12%        3d7       41%         5
 Dispel Undead            Necr           12%        3d9       50%         4
 Leda's Liquefaction      Hex/Erth       6%         N/A       50%         4
 Statue Form              Tmut/Erth      22%        N/A       67%         6
 Metabolic Englaciation   Hex/Ice        6%         N/A       80%         5
 Lee's Rapid Deconstruct  Erth           6%         3d7*      83%         5
 Dispersal                Tloc           11%        N/A       97%         6
 Disjunction              Tloc           11%        N/A       100%        8
 Chain Lightning          Conj/Air       27%        3d36      100%        9
 Fire Storm               Conj/Fire      12%        8d3       100%        9


Dungeon Overview and Level Annotations

Branches:
Dungeon (15/15)            Temple (1/1) D:7            Lair (6/6) D:11
  Swamp (1/4) Lair:3       Spider (1/4) Lair:3        Slime (0/5) Lair:6
    Orc (2/2) D:12            Elf (1/3) Orc:2        Vaults (0/5) D:14
 Depths (1/4) D:15        Ossuary (visited)          Bailey (visited)

Altars:
Elyvilon
Hepliaklqana
Kikubaaqudgha
Makhleb
Beogh

Shops:
D:2 =   Orc:1 (   Orc:2 :**?   Elf:1 *:([   Depths:1 [

Portals:
Abyss: Depths:1

Annotations:
Spider:1 Josephine


Innate Abilities, Weirdness & Mutations

You have sharp claws.
You have razor-sharp teeth.
You have supernaturally acute eyesight. (SInv)
You cover ground quickly. (Speed+)
Your thick and shaggy fur keeps you warm. (AC +3, rC+)
Your paws help you pounce on unaware monsters.
You are incapable of wielding weapons or throwing items.
You cannot wear armour.
You gain extra lives every three experience levels.


Message History

Press: ? - help, Dir - move target, f - +0 scimitar of electrocution
Aim: a +0 scimitar of electrocution (freezing vapour, empty space bonus: 6/8)
The air twists around and strikes the +0 scimitar of electrocution!
The +0 scimitar of electrocution is moderately damaged.
The +0 scimitar of electrocution is engulfed in freezing vapours. x2
Casting: Airstrike (safe; 1% risk of failure)
Confirm with . or Enter, or press ? or * to list all spells.
Aiming: Airstrike (safe; 1% risk of failure)
Press: ? - help, Dir - move target, f/p - +0 scimitar of electrocution
Aim: a +0 scimitar of electrocution (freezing vapour, moderately damaged, empty space bonus: 4/8)
The air twists around and strikes the +0 scimitar of electrocution.
The +0 scimitar of electrocution is heavily damaged.
The +0 scimitar of electrocution is engulfed in freezing vapours.
The +0 scimitar of electrocution hits you.
Casting: Airstrike (safe; 1% risk of failure)
Confirm with . or Enter, or press ? or * to list all spells.
Aiming: Airstrike (safe; 1% risk of failure)
Press: ? - help, Dir - move target, f/p - +0 scimitar of electrocution
Aim: a +0 scimitar of electrocution (heavily damaged, empty space bonus: 1/8)
The air twists around and strikes the +0 scimitar of electrocution.
The +0 scimitar of electrocution is severely damaged.
The +0 scimitar of electrocution hits you!!
Unknown command.
Casting: Airstrike (safe; 1% risk of failure)
Confirm with . or Enter, or press ? or * to list all spells.
Aiming: Airstrike (safe; 1% risk of failure)
Press: ? - help, Dir - move target, f/p - +0 scimitar of electrocution
Aim: a +0 scimitar of electrocution (severely damaged, empty space bonus: 1/8)
The air twists around and strikes the +0 scimitar of electrocution but does no damage.
The +0 scimitar of electrocution completely misses you.
The +0 scimitar of electrocution hits you!
Casting: Airstrike (safe; 1% risk of failure)
Confirm with . or Enter, or press ? or * to list all spells.
Aiming: Airstrike (safe; 1% risk of failure)
Press: ? - help, Dir - move target, f/p - +0 scimitar of electrocution
Aim: a +0 scimitar of electrocution (severely damaged, empty space bonus: 1/8)
The air twists around and strikes the +0 scimitar of electrocution.
The +0 scimitar of electrocution is severely damaged.
The +0 scimitar of electrocution hits you!!
You die...

.....?...# ..#....###
..#....## ..#...#.##
..#...##.## #.#.#.###.##
.###..# ##.# .##
).#...###..########§§..#
......##........@(☼§§§..
..#..##...#.#######§§§.#
.###)#....#.#### §## ##
##)....#..... #
#..#######..
#.....#..... #
####..#.### #### #..#.#
...# #....#


You could see a +0 scimitar of electrocution.

Vanquished Creatures
  Frances (D:14)
  A sphinx (Depths:1)
  Azrael (D:14)
  Nessos (D:14)
  A deep elf demonologist (Depths:1)
  An ettin (D:15)
  A boulder beetle (Lair:3)
  6 hydras
  4 death yaks (Lair:2)
  2 ogre magi (D:15)
  A death knight (D:15)
  A catoblepas (Lair:6)
  4 centaur warriors
  2 dancing weapons (Elf:1)
  9 two-headed ogres
  A tengu warrior (D:15)
  3 orc high priests (Orc:2)
  A deep elf knight (Elf:1)
  Urug (Lair:2)
  A deep troll (D:15)
  3 deep elf archers (Elf:1)
  A lindwurm (Lair:5)
  3 orc knights
  A bog body (Swamp:1)
  9 deep elf pyromancers
  2 necromancers (D:15)
  3 deep elf zephyrmancers (Elf:1)
  2 wolf spiders (Spider:1)
  An ugly thing (D:13)
  7 orc sorcerers
  3 cyclopes
  4 elephants
  2 manticores
  A black mamba (Lair:4)
  4 cane toads
  2 gargoyles
  3 yaktaurs (D:15)
  An unseen horror (D:11)
  5 rime drakes
  A komodo dragon (Lair:6)
  A freezing wraith (D:14)
  2 tengu conjurers
  11 blink frogs
  2 trolls
  6 hornets
  A tyrant leech (Lair:3)
  3 polar bears
  8 slime creatures
  A centaur simulacrum (D:15)
  A water elemental (Elf:1)
  27 yaks
  6 wraiths
  A wyvern (Lair:2)
  12 spriggans
  4 fire elementals
  6 humans (D:14)
  7 basilisks
  A redback simulacrum (D:14)
  11 vampire mosquitoes
  2 wargs (Orc:2)
  2 acid dragons (shapeshifter)
  13 water moccasins
  26 orc warriors
  A swamp drake (D:12)
  An ice beast (D:5)
  A necrophage (D:7)
  13 ogres
  10 boggarts
  11 wolves
  11 centaurs
  A kobold brigand (D:9)
  11 bullfrogs
  A gnoll sergeant (D:6)
  4 scorpions
  7 killer bees
  5 wights (D:4)
  7 electric eels
  6 howler monkeys
  2 bullfrog zombies (D:5)
  2 hounds
  5 centaur zombies
  2 jellies
  29 orc priests
  Jessica (D:3)
  2 iguanas
  18 orc wizards
  A hound skeleton (D:4)
  6 mummies
  Robin (D:2)
  A howler monkey skeleton (D:7)
  A howler monkey zombie (D:9)
  3 gnolls (D:6)
  7 adders
  An adder skeleton (D:4)
  4 worms
  2 dart slugs
  69 orcs
  4 endoplasms
  4 giant cockroaches
  20 goblins
  9 hobgoblins
  21 kobolds
  6 quokkas
  3 training dummies (Orc:1)
  2 ball pythons
  3 bats
  4 frilled lizards
  A goblin zombie (Ossuary)
  2 hobgoblin zombies (Ossuary)
  3 kobold zombies (Ossuary)
  An orc zombie (Ossuary)
  3 rats
588 creatures vanquished.

Vanquished Creatures (collateral kills)
  Rupert (Lair:6)
  Aizul (Lair:3)
  An orc warlord (Orc:2)
  An ettin (D:12)
  A fire dragon (D:15)
  A vault guard (D:14)
  An ogre mage (D:15)
  A boulder beetle (D:14)
  2 two-headed ogres
  A death yak (Lair:2)
  An orc high priest (Orc:2)
  Nergalle (D:12)
  2 deep elf pyromancers (Elf:1)
  A deep elf zephyrmancer (Elf:1)
  2 orc knights (Orc:2)
  3 ugly things (D:15)
  A will-o-the-wisp (Swamp:1)
  An orc sorcerer (Orc:1)
  7 elephants
  4 cane toads
  4 komodo dragons
  A yaktaur (D:15)
  4 polar bears (Lair:6)
  5 blink frogs
  A hornet (Swamp:1)
  6 slime creatures
  8 spriggans
  29 yaks
  A wraith (Spider:1)
  A wyvern (Lair:1)
  A fire elemental (D:14)
  A basilisk (Lair:3)
  3 humans (D:14)
  3 vampire mosquitoes
  A warg (D:12)
  A water moccasin (Lair:1)
  2 hell hounds
  21 orc warriors
  A black bear (Lair:6)
  4 ogres (Orc:2)
  16 wolves
  A centaur (D:15)
  A bullfrog (Lair:5)
  An orc priest (Orc:2)
  2 orc wizards (Orc:2)
  25 orcs
178 creatures vanquished.

Vanquished Creatures (others)
  A vault guard (D:14)
  A human (D:14)
  3 bushes (Lair:2)
  2 foxfires (Swamp:1)
  61 fungi
  103 plants
171 creatures vanquished.

Grand Total: 937 creatures vanquished

Notes
Turn   | Place    | Note
-------+----------+-------------------------------------------
     0 | D:1      | Turgor the Felid Air Elementalist began the quest for the
                  | Orb.
     0 | D:1      | Reached XP level 1. HP: 7/7 MP: 4/4
    16 | D:1      | Reached skill level 1 in Conjurations
   604 | D:1      | Reached XP level 2. HP: 8/11 MP: 0/6
   850 | D:1      | Found a faded altar of an unknown god.
   850 | D:1      | Noticed an Executioner
  1128 | D:1      | Reached skill level 3 in Air Magic
  1825 | D:2      | Reached XP level 3. HP: 13/14 MP: 0/7
  2265 | D:2      | Noticed Robin
  2893 | D:2      | Killed Robin
  3056 | D:2      | Reached XP level 4. HP: 18/18 MP: 4/9
  3143 | D:2      | Found Suanumm's Jewellery Boutique.
  3691 | D:3      | Found a transporter.
  3905 | D:2      | Learned a level 3 spell: Swiftness
  3910 | D:2      | Learned a level 4 spell: Airstrike
  3965 | D:3      | Noticed Jessica
  3977 | D:3      | Killed Jessica
  3978 | D:3      | Reached XP level 5. HP: 21/21 MP: 4/10
  4085 | D:3      | Found a transporter.
  4112 | D:3      | Reached skill level 4 in Air Magic
  4266 | D:3      | Gained mutation: You are covered in thick fur. (AC +2)
                  | [Felid growth]
  4266 | D:3      | Reached XP level 6. HP: 24/24 MP: 8/12
  5024 | D:4      | Found a sand-covered staircase.
  5030 | Ossuary  | Entered an ossuary
  5085 | Ossuary  | Reached skill level 5 in Air Magic
  5678 | D:4      | Mangled by a wight
  5679 | D:4      | Reached XP level 5. HP: -9/19 MP: 12/12
  6116 | D:4      | Reached XP level 6. HP: 24/24 MP: 7/13
  6814 | D:4      | Reached skill level 6 in Air Magic
  6878 | D:4      | Reached XP level 7. HP: 27/27 MP: 8/15
  6994 | D:5      | Entered Level 5 of the Dungeon
  7047 | D:5      | Identified the +4 ring mail of Fowyal {rN+}
  7247 | D:5      | Reached skill level 5 in Spellcasting
  7537 | D:5      | Reached skill level 7 in Air Magic
  8365 | D:6      | Reached skill level 1 in Fighting
  8375 | D:6      | Reached XP level 8. HP: 32/32 MP: 9/17
  9420 | D:7      | Reached skill level 8 in Air Magic
  9728 | D:7      | Found a staircase to the Ecumenical Temple.
  9731 | D:7      | Identified the -2 helmet "Ajeriosu" {Str+4 Int+4 Slay-4}
  9735 | Temple   | Entered the Ecumenical Temple
  9750 | Temple   | Became a worshipper of Elyvilon the Healer
 10080 | D:7      | Found a hazy altar of Hepliaklqana.
 10454 | D:8      | Noticed a six-headed hydra
 10588 | D:8      | Reached * piety under Elyvilon
 10603 | D:8      | Reached skill level 1 in Evocations
 10786 | D:8      | Noticed a hornet
 10838 | D:8      | Killed a hornet
 10891 | D:8      | Reached XP level 9. HP: 38/38 MP: 13/19
 11187 | D:8      | Killed a six-headed hydra
 11188 | D:8      | Reached skill level 9 in Air Magic
 11820 | D:9      | Reached ** piety under Elyvilon
 12155 | D:9      | Noticed a tengu conjurer
 12186 | D:10     | Entered Level 10 of the Dungeon
 12717 | D:10     | Reached XP level 10. HP: 43/43 MP: 12/21
 12718 | D:10     | Reached skill level 5 in Fighting
 13069 | D:11     | Found a burning altar of Makhleb.
 13073 | D:11     | Noticed a two-headed ogre
 13079 | D:11     | Killed a two-headed ogre
 13080 | D:11     | Reached skill level 10 in Air Magic
 13134 | D:11     | Noticed a two-headed ogre
 13327 | D:11     | Reached skill level 5 in Evocations
 13584 | D:11     | Found a staircase to the Lair.
 13750 | D:11     | Found a flagged portal.
 13759 | Bailey   | Entered a bailey
 14108 | Bailey   | Got the Catalogue of Weightlessness
 14113 | Bailey   | Learned a level 3 spell: Mephitic Cloud
 14118 | Bailey   | Learned a level 4 spell: Summon Lightning Spire
 14307 | Bailey   | Found an iron altar of Okawaru.
 14523 | D:11     | Reached skill level 1 in Summonings
 14615 | D:11     | Reached *** piety under Elyvilon
 14771 | D:11     | You fall into a shaft and drop 1 floor!
 14774 | D:12     | Noticed a gargoyle
 14986 | D:12     | Noticed Nergalle
 15052 | D:12     | Killed a gargoyle
 15053 | D:12     | Reached skill level 11 in Air Magic
 15053 | D:12     | Reached XP level 11. HP: 48/48 MP: 5/24
 15447 | D:11     | Killed a two-headed ogre
 15646 | D:11     | Noticed a two-headed ogre
 15662 | D:11     | Killed a two-headed ogre
 16428 | D:2      | Bought a ring of poison resistance for 240 gold pieces
 16838 | D:12     | Noticed a seven-headed hydra
 16998 | D:12     | Killed a seven-headed hydra
 17112 | D:12     | Noticed a four-headed hydra
 17123 | D:12     | Killed a four-headed hydra
 17685 | D:12     | Found a staircase to the Orcish Mines.
 18491 | Lair:1   | Entered Level 1 of the Lair of Beasts
 18564 | Lair:1   | Reached **** piety under Elyvilon
 18728 | Lair:1   | Reached skill level 12 in Air Magic
 18955 | Lair:1   | Reached skill level 5 in Dodging
 19202 | Lair:1   | Gained mutation: Your thick and shaggy fur keeps you warm.
                  | (AC +3, rC+) [Felid growth]
 19202 | Lair:1   | Reached XP level 12. HP: 55/55 MP: 13/26
 19686 | Lair:1   | You fall into a shaft and drop 1 floor!
 19786 | Lair:2   | Identified the amulet "Gaitos" {rElec rPois Regen+ Str+3}
 20185 | Lair:1   | Identified 3 scrolls of acquirement
 20185 | Lair:1   | Acquired Turgor's Disquisition on Blistering Combat Magic
 20558 | Lair:2   | Noticed a death yak
 20805 | Lair:2   | Noticed a death yak
 20845 | Lair:2   | Noticed a death yak
 20846 | Lair:2   | Noticed a death yak
 20847 | Lair:2   | Noticed a death yak
 20867 | Lair:2   | Killed a death yak
 20946 | Lair:2   | Killed a death yak
 20947 | Lair:2   | Reached skill level 13 in Air Magic
 20997 | Lair:2   | Killed a death yak
 21159 | Lair:2   | Killed a death yak
 21232 | Lair:2   | Killed a death yak
 21249 | Lair:2   | Identified the +1 cloak of Snakes and Ladders {rC- Str+6}
 21329 | Lair:2   | Reached ***** piety under Elyvilon
 21343 | Lair:2   | Noticed Urug
 21352 | Lair:2   | Killed Urug
 21902 | Lair:3   | Reached skill level 10 in Spellcasting
 21906 | Lair:3   | Reached skill level 5 in Summonings
 21910 | Lair:3   | Noticed a boulder beetle
 22146 | Lair:3   | Reached XP level 13. HP: 60/60 MP: 21/28
 22392 | Lair:3   | Found a staircase to the Swamp.
 22421 | Lair:3   | Found a hole to the Spider Nest.
 24213 | Lair:4   | Reached skill level 14 in Air Magic
 24766 | Lair:4   | Reached ****** piety under Elyvilon
 25187 | Lair:5   | Reached skill level 1 in Invocations
 26317 | Lair:6   | Entered Level 6 of the Lair of Beasts
 27024 | Lair:6   | Noticed Rupert
 27032 | Lair:6   | Killed Rupert
 27033 | Lair:6   | Reached skill level 10 in Fighting
 27867 | Lair:6   | Reached XP level 14. HP: 66/66 MP: 10/29
 27999 | Lair:6   | Found a staircase to the Slime Pits.
 28785 | Lair:6   | Reached skill level 15 in Air Magic
 29476 | D:12     | Killed Nergalle
 29634 | Orc:1    | Entered Level 1 of the Orcish Mines
 30297 | Orc:1    | Reached skill level 5 in Conjurations
 30469 | Orc:1    | Found Fuvok's Firing Range.
 30738 | Orc:2    | Entered Level 2 of the Orcish Mines
 32482 | Orc:2    | Found a staircase to the Elven Halls.
 33089 | Orc:2    | Noticed an orc warlord
 33096 | Orc:2    | Killed an orc warlord
 34002 | Orc:2    | Found Mirusad's Assorted Antiques.
 34042 | Orc:2    | Bought a scroll labelled EXUDWUYDGHE for 34 gold pieces
 34363 | Orc:2    | Found Odebeyfiha's Book Emporium.
 34383 | Orc:2    | Bought a book of Changes for 198 gold pieces
 34383 | Orc:2    | Bought a book of the Earth for 396 gold pieces
 34386 | Orc:2    | Learned a level 2 spell: Wereblood
 34540 | Orc:2    | Found Ifagis's Magic Scroll Emporium.
 34661 | Orc:2    | Bought a scroll of identify for 30 gold pieces
 34866 | Orc:2    | Found Xoacrimiju's General Store.
 34943 | Orc:2    | Bought a potion of brilliance for 40 gold pieces
 34943 | Orc:2    | Bought 2 scrolls of fog for 40 gold pieces
 34943 | Orc:2    | Bought a scroll of identify for 20 gold pieces
 35182 | Orc:2    | Reached skill level 1 in Transmutations
 35446 | Orc:2    | Paralysed by an orc sorcerer for 3 turns
 36063 | D:13     | Identified the +3 storm dragon scales "Gealumey" {rElec
                  | rPois}
 36927 | D:13     | Acquired 748 gold pieces
 36930 | D:13     | Acquired the Volume of Unreason
 36932 | D:13     | Acquired the Papyrus of Flight and Battle Magic
 36942 | D:13     | Learned a level 7 spell: Storm Form
 36944 | D:13     | Learned a level 1 spell: Apportation
 37417 | D:14     | Reached XP level 15. HP: 70/70 MP: 31/31
 37623 | D:14     | Noticed Azrael
 38080 | D:2      | Bought a ring of protection from fire for 300 gold pieces
 38324 | D:14     | Noticed Nessos
 38325 | D:14     | Killed Azrael
 38595 | D:14     | Killed Nessos
 38700 | D:14     | Noticed Frances
 38942 | D:14     | Found a gate to the Vaults.
 39023 | D:14     | Killed Frances
 39362 | D:14     | Reached skill level 16 in Air Magic
 39540 | D:14     | Learned a level 5 spell: Freezing Cloud
 39658 | Spider:1 | Entered Level 1 of the Spider Nest
 39663 | Spider:1 | Reached skill level 5 in Transmutations
 39664 | Spider:1 | Noticed Josephine
 39667 | Spider:1 | Reached skill level 1 in Translocations
 39823 | Spider:1 | HP: 1/67 [jumping spider (8)]
 39824 | Spider:1 | Elyvilon protects you from harm!
 39824 | Spider:1 | Elyvilon protects you from harm!
 39824 | Spider:1 | Slain by a wolf spider
 39825 | Spider:1 | Reached XP level 14. HP: -4/64 MP: 39/39
 39942 | Lair:3   | Upgraded the game from 0.28-a0-1033-g1a2f33fa85 to
                  | 0.28-a0-1038-g9c4cb8273d
 39953 | Swamp:1  | Entered Level 1 of the Swamp
 40117 | Swamp:1  | Noticed Aizul
 40152 | Lair:3   | Killed Aizul
 40681 | D:15     | Entered Level 15 of the Dungeon
 42369 | D:15     | Found a staircase to the Depths.
 44035 | Depths:1 | Entered Level 1 of the Depths
 44036 | Depths:1 | Found Hanam's Antique Armour Shop.
 44052 | Depths:1 | Found a one-way gate to the infinite horrors of the Abyss.
 44055 | Depths:1 | Noticed a sphinx
 44060 | Depths:1 | Killed a sphinx
 44294 | Depths:1 | HP: 3/67 [spark wasp/living lightning (9)]
 44303 | D:15     | Reached XP level 15. HP: 14/70 MP: 23/32
 44512 | Elf:1    | Entered Level 1 of the Elven Halls
 44515 | Elf:1    | Elyvilon protects you from harm!
 44516 | Elf:1    | Slain by a +2 halberd of venom
 44517 | Elf:1    | Reached XP level 14. HP: -1/67 MP: 30/40
 44542 | Elf:1    | Found Utwyss's Antique Weapon Shoppe.
 44621 | Elf:1    | Reached skill level 10 in Transmutations
 44883 | Elf:1    | Found Bosched's Antique Armour Emporium.
 45326 | Elf:1    | Found an ancient bone altar of Kikubaaqudgha.
 45369 | Elf:1    | Found Loditu's Book Shoppe.
 45891 | Elf:1    | Found Ruhudog's General Store.
 45941 | Elf:1    | Slain by a +0 scimitar of electrocution

Illustrated notes

Levels and vault maps discovered:
D:1:      eino_arrival_water_cross, layout_loops_corners,
          dreamdust_ecumenical_altar_sealed_demon, moated_statue
D:2:      minmay_inner_zag, layout_basic, serial_shops,
          nicolae_shop_behind_doors, minmay_pentomino_r2, uniq_robin
D:3:      gammafunk_steamed_eel, layout_basic, kennysheep_jessica_study
D:4:      layout_cave_pools, gup_ossuary_entry_pyramid
D:5:      layout_gridville, minmay_hedge_maze
D:6:      layout_basic
D:7:      layout_gridville, nicolae_hepliaklqana_hippocampus, temple_statues,
          hangedman_decor_peaks_small, kennysheep_cluttered_room
D:8:      layout_cave_pods, nicolae_concentric_dashed_squares_mild
D:9:      layout_basic
D:10:     layout_basic
D:11:     layout_rooms, due_lair_maze_entry_diamond, enter_bailey_8,
          bloody_makhleb
D:12:     layout_loops_ring, erik_orc_1, uniq_nergalle
D:13:     layout_cave_pools, gauntlet_entry_generic, serial_column_ruins,
          column_ruins_hut, column_ruins_hut_pillars,
          column_ruins_columns_straight, column_ruins_grid_1,
          column_ruins_open_small, column_ruins_grid_1,
          column_ruins_columns_straight, nicolae_straight_to_the_point
D:14:     layout_roguey, ximxim_vaults_locker_room,
          kennysheep_decorative_pillar, uniq_nessos, uniq_frances, uniq_azrael
D:15:     hangedman_depths_entry_civil_slaughter, layout_irregular_city,
          grunt_tough_drop
Temple:   mainiacjoe_temple_hex_bubbles
Lair:1:   kb_forest_paths, layout_gridlike
Lair:2:   layout_loops_ring, nicolae_lair_grazing_beasts
          [nicolae_sub_lair_graze_edge, nicolae_sub_lair_graze_edge,
          nicolae_sub_lair_graze_edge, nicolae_sub_lair_graze_edge], uniq_urug
Lair:3:   layout_regular_city, minmay_swamp_entry_swarm, dummy_spider_entry,
          beast_lair_carwin_3, serial_bayou_shore_a, grunt_megastairs_4,
          infiniplex_staircase_pool
Lair:4:   layout_regular_city
Lair:5:   layout_hall_layers, lemuel_fruit_tree
Lair:6:   minmay_lair_end_enchanted_forest, layout_loops_ring,
          minmay_slime_entry_pillars, uniq_rupert
Swamp:1:  layout_basic_swamp, evilmike_swamp_ruin_house_4, swamp_pool4,
          uniq_aizul
Spider:1: layout_spider_delve, uniq_josephine
Orc:1:    layout_caves, basic_altar, nicolae_shop_firing_range
Orc:2:    pubby_orc_utopia
Elf:1:    nicolae_elf_arrival_fired_up, layout_loops_corners, serial_shops,
          nicolae_shop_advertising_works [nicolae_subvault_shop_adworks],
          nicolae_lakefront_shop, shop, shop, shop, basic_altar,
          minmay_elf_necromancy
Depths:1: layout_basic, enter_ziggurat_f, serial_shops, shop,
          nicolae_shop_hallway_stairs, shop, nicolae_two_hexagons,
          nicolae_abyss_entry_one_way_or_another, grunt_hell_entry_dis_old,
          kennysheep_nondescript, nicolae_qazlal_eye_of_the_storm

Skill      XL: |  1  2  3  4  5  6  7  8  9 10 11 12 13 14 15 |
---------------+----------------------------------------------+-----
Conjurations   | 1 2 3 4 6 |  6.0
Air Magic      | 3 4 6 7 8 9 11 12 13 14 15 16 | 16.8
Spellcasting   | 3 4 5 6 7 8 9 10 12 | 12.0
Fighting       | 1 3 4 6 7 9 10 11 | 11.1
Evocations     | 1 4 6 |  6.7
Summonings     | 2 3 5 6 |  6.0
Dodging        | 5 6 7 |  7.1
Invocations    | 3 4 |  4.6
Transmutations | 10 5 | 10.7
Translocations | 2 1 |  2.5
Stealth        | |  2.6
Ice Magic      | |  0.8

Action                   |  1- 3 |  4- 6 |  7- 9 | 10-12 | 13-15 || total
-------------------------+-------+-------+-------+-------+-------++-------
Melee: Unarmed           |     5 |       |     5 |    15 |    57 ||    82
       Bite              |       |       |     2 |     2 |    11 ||    15
 Cast: Shock             |    85 |   198 |   197 |    37 |     9 ||   526
       Airstrike         |       |       |    57 |   239 |   671 ||   967
       Swiftness         |       |       |     1 |     2 |     5 ||     8
       Summon Lightning  |       |       |       |    48 |   191 ||   239
       Mephitic Cloud    |       |       |       |    16 |    44 ||    60
       Freezing Cloud    |       |       |       |       |    51 ||    51
Invok: Heal Self         |       |       |       |       |     7 ||     7
       Heal Other        |       |       |       |       |     3 ||     3
       Purification      |       |       |       |       |     1 ||     1
Evoke: Wand              |       |     2 |     1 |     9 |    26 ||    38
       Phial of floods   |       |       |       |     1 |     2 ||     3
       Lightning rod     |       |       |       |     2 |    13 ||    15
       Phantom mirror    |       |       |       |     1 |     2 ||     3
       Box of beasts     |       |       |       |       |     3 ||     3
  Use: Scroll            |       |     3 |     6 |     8 |    15 ||    32
       Potion            |       |       |       |       |     2 ||     2
 Stab: Confused          |       |       |       |     1 |     5 ||     6
       Distracted        |       |       |       |       |     1 ||     1
Armor: Skin              |     1 |     1 |     8 |     8 |    16 ||    34
Dodge: Dodged            |    17 |    30 |    31 |    65 |   237 ||   380
Block: Other             |       |       |    15 |     7 |       ||    22
       Reflection        |       |       |     1 |     1 |       ||     2

Table legend: (Time is in decaauts)
 A = Elapsed time spent in this place.
 B = Non-inter-level travel time spent in this place.
 C = Inter-level travel time spent in this place.
 D = Time resting spent in this place.
 E = Time spent auto-exploring this place.
 F = Levels seen in this place.
 G = Mean time per level.
                   A        B        C        D        E       F      G
               +--------+--------+--------+--------+--------+-----+--------+
         Total |  41764 |  39546 |   2218 |  18606 |   6673 |  30 | 1392.1 |
       Dungeon |  23012 |  21271 |   1741 |   9076 |   4774 |  15 | 1534.1 |
        Temple |     21 |     14 |      7 |      0 |      7 |   1 |   21.0 |
          Lair |  10689 |  10348 |    341 |   4909 |   1615 |   6 | 1781.5 |
         Swamp |    210 |    210 |      0 |     76 |      0 |   1 |  210.0 |
   Spider Nest |     51 |     51 |      0 |      0 |      0 |   1 |   51.0 |
  Orcish Mines |   5177 |   5050 |    127 |   3079 |    275 |   2 | 2588.5 |
   Elven Halls |   1315 |   1315 |      0 |    723 |      0 |   1 | 1315.0 |
        Depths |    122 |    122 |      0 |      0 |      0 |   1 |  122.0 |
       Ossuary |    604 |    604 |      0 |    367 |      0 |   1 |  604.0 |
        Bailey |    559 |    559 |      0 |    375 |      0 |   1 |  559.0 |
               +--------+--------+--------+--------+--------+-----+--------+

Top non-repeatable levels by time:
   Orc:2: 4171 daAuts
    D:12: 2896 daAuts
    D:15: 2540 daAuts
  Lair:6: 2487 daAuts
    D:14: 2486 daAuts
  Lair:3: 2009 daAuts
     D:2: 1879 daAuts
  Lair:4: 1769 daAuts
  Lair:1: 1727 daAuts
     D:3: 1645 daAuts
  Lair:2: 1433 daAuts
    D:11: 1338 daAuts
   Elf:1: 1315 daAuts
     D:1: 1296 daAuts
    D:10: 1280 daAuts
